 Dungeon Crawl Stone Soup version 0.30-a0-1016-gfb0d676c02 (webtiles) character file.

Game seed: 15262466706625337938

78 gelatine the Chopper (level 4, -3/26 (34) HPs)
             Began as a Demonspawn Reaver on Apr 7, 2023.
             Slain by Terence
             ... wielding a +0 flail
              (6 damage)
             ... on level 3 of the Dungeon.
             The game lasted 00:05:12 (2308 turns).

gelatine the Chopper (Demonspawn Reaver)            Turns: 2308, Time: 00:05:13

HP:   -3/26 (34)    AC:  3    Str: 12    XL:     4   Next: 15%
MP:   6/7           EV: 11    Int: 17    God:
Gold: 161           SH:  0    Dex: 11    Spells: 6/7 levels left

rFire   . . .      SeeInvis .    a - +0 hand axe
rCold   . . .      Faith    .    (no shield)
rNeg    . . .      Spirit   .    b - +0 leather armour
rPois   .          Reflect  .    (helmet restricted)
rElec   .          Rampage  .    (no cloak)
rCorr   .                        (no gloves)
Will    .....                    (no boots)
Stlth   +                        (no amulet)
HPRegen 0.24/turn                (no ring)
MPRegen 0.10/turn                (no ring)

@: heavily drained
A: horns 1
a: no special abilities


You were on level 3 of the Dungeon.
You visited 1 branch of the dungeon, and saw 3 of its levels.

You collected 161 gold pieces.

Inventory:

Hand Weapons
 a - a +0 hand axe (weapon)
Missiles
 f - 4 boomerangs of dispersal
 k - 5 atropa-tipped darts
 l - 3 poisoned darts
Armour
 b - a +0 leather armour (worn)
 m - a +0 leather armour
 n - an orb of energy
Scrolls
 d - 4 scrolls of identify {unknown}
 e - a scroll of fog {unknown}
 g - a scroll of blinking {unknown}
 h - a scroll of teleportation {unknown}
 o - a scroll of immolation {unknown}
Potions
 c - 2 potions of degeneration {unknown}
 i - a potion of flight {unknown}
 j - a potion of cancellation {unknown}
 p - a potion of curing {unknown}
 q - a potion of lignification {unknown}


   Skills:
 * Level 2.3 Fighting
 * Level 3.3 Axes
 * Level 1.3 Armour
 * Level 2.1 Dodging
 + Level 0.1 Stealth
 * Level 2.1 Spellcasting
 * Level 3.2 Conjurations
 * Level 1.1 Necromancy


You had 6 spell levels left.
You knew the following spells:

 Your Spells              Type           Power      Damage    Failure   Level
a - Kiss of Death         Conj/Necr      36%        2d8       10%         1

Your spell library contained the following spells:

 Spells                   Type           Power      Damage    Failure   Level
 Momentum Strike          Conj/Tloc      14%        3d8       19%         2
 Sting                    Tmut/Pois      4%         1d3       24%         1
 Poisonous Vapours        Pois/Air       2%         N/A       36%         2
 Hailstorm                Conj/Ice       7%         3d4       36%         3
 Ozocubu's Armour         Ice            1%         N/A       58%         3
 Olgreb's Toxic Radiance  Pois           1%         N/A       94%         4
 Ozocubu's Refrigeration  Ice            0%         4d7       100%        7


Dungeon Overview and Level Annotations

Branches:
Dungeon (3/15)

Altars:

Annotations:
D:3 Terence


Innate Abilities, Weirdness & Mutations

You have a pair of small horns on your head.


Message History

The frilled lizard bites you but does no damage.
You see here a frilled lizard corpse.
The frilled lizard closely misses you.
You hit the frilled lizard.
You kill the frilled lizard!
Terence says, "Time to say good-bye..."
Terence barely misses you.
You closely miss Terence. Your headbutt misses Terence. Terence misses you.
A kobold comes into view. It is wielding a +0 short sword.
The kobold shouts!
You hit Terence but do no damage. Terence closely misses you.
You hit Terence but do no damage. Terence hits you with a +0 flail.
You hit Terence.
Terence is moderately wounded.
Terence hits you with a +0 flail!
The negative energy hits Terence.
Terence is drained!
Terence is severely wounded.
You feel drained. Terence hits you with a +0 flail.
You hit Terence but do no damage.
Terence is severely wounded.
Terence misses you.
You closely miss Terence.
Terence is severely wounded.
Terence hits you but does no damage.
The kobold hits you with a +0 short sword.
Terence hits you with a +0 flail.
You hit Terence but do no damage.
Terence is severely wounded.
You barely miss the kobold. Terence hits you with a +0 flail.
The kobold barely misses you.
You closely miss Terence. You headbutt Terence.
Terence is almost dead.
You barely miss the kobold. Terence hits you with a +0 flail.
* * * LOW HITPOINT WARNING * * *
The kobold hits you with a +0 short sword.
* * * LOW HITPOINT WARNING * * *
You hit Terence but do no damage. Your headbutt misses Terence.
Terence is almost dead.
You hit the kobold. Terence hits you with a +0 flail.
You die...

#..#.## ..$....#
##.#..# ......#..
#..#.# ......#. ≈
##.#.###.....#. ≈≈
#####>...#.......###~≈≈
..............##....~≈
.#####..##....##.... ##
....###....##@K# #.####
##....#@# #...#
#.....†.# ..# #.##.#..#
### #.. #.#...# ## #.#
......... ... ..
............ ###
#.##............
#########.#.# ....


You could see Terence (very drained) and a kobold.

Vanquished Creatures
  A gnoll (D:1)
  A worm (D:2)
  3 orcs (D:3)
  4 bats
  3 endoplasms (D:1)
  2 giant cockroaches (D:1)
  5 goblins
  6 hobgoblins
  4 jackals (D:2)
  2 quokkas
  7 ball pythons
  7 frilled lizards
  9 kobolds
  2 rats
56 creatures vanquished.

Notes
Turn   | Place    | Note
-------+----------+-------------------------------------------
     0 | D:1      | gelatine the Demonspawn Reaver began the quest for the Orb.
     0 | D:1      | Reached XP level 1. HP: 16/16 MP: 3/3
   213 | D:1      | Gained mutation: You have a pair of small horns on your
                  | head. [demonic ancestry]
   213 | D:1      | Reached XP level 2. HP: 19/22 MP: 5/5
   232 | D:1      | Found a faded altar of an unknown god.
   717 | D:1      | Reached skill level 1 in Armour
   717 | D:1      | Reached XP level 3. HP: 2/25 MP: 6/6
  1247 | D:2      | Reached skill level 1 in Necromancy
  1888 | D:2      | Reached XP level 4. HP: 32/32 MP: 7/7
  2293 | D:3      | Noticed Terence
  2308 | D:3      | Slain by Terence

Illustrated notes

Levels and vault maps discovered:
D:1:      dpeg_arrival_circle_labyrinth_a, layout_loops_ring,
          hellmonk_ecumenical_altar_run_dry, st_stairs_13
D:2:      layout_basic, hangedman_decor_growths, serial_park_tiny_2
D:3:      layout_rooms, fountainhead, uniq_terence

Skill      XL: |  1  2  3 |
---------------+----------+-----
Axes           | 3 |  3.3
Armour         | 1 |  1.3
Dodging        | 2 |  2.1
Necromancy     | 1 |  1.1
Fighting       | |  2.3
Stealth        | |  0.1
Spellcasting   | |  2.1
Conjurations   | |  3.2

Action                     |  1- 3 |  4- 6 || total
---------------------------+-------+-------++-------
  Melee: Hand axe          |   159 |    25 ||   184
         Headbutt          |    18 |     3 ||    21
   Cast: Kiss of Death     |     1 |     1 ||     2
 Armour: Leather armour    |    50 |     5 ||    55
  Dodge: Dodged            |   112 |    18 ||   130

Table legend: (Time is in decaauts)
 A = Elapsed time spent in this place.
 B = Non-inter-level travel time spent in this place.
 C = Inter-level travel time spent in this place.
 D = Time resting spent in this place.
 E = Time spent auto-exploring this place.
 F = Levels seen in this place.
 G = Mean time per level.
                   A        B        C        D        E       F      G
               +--------+--------+--------+--------+--------+-----+--------+
         Total |   2334 |   2207 |    127 |      0 |   1669 |   3 |  778.0 |
       Dungeon |   2334 |   2207 |    127 |      0 |   1669 |   3 |  778.0 |
               +--------+--------+--------+--------+--------+-----+--------+

Top non-repeatable levels by time:
     D:1: 1236 daAuts
     D:2: 906 daAuts
     D:3: 191 daAuts
